 Dungeon Crawl Stone Soup version 0.31-a0-233-g139696dc86 (webtiles) character file.

Game seed: 17608772299294739368

72 qw the Shooter (level 4, -1/26 HPs)
             Began as a Gargoyle Hexslinger on July 7, 2023.
             Slain by Terence
             ... wielding a +0 hand axe
              (3 damage)
             ... on level 2 of the Dungeon.
             The game lasted 00:00:36 (1029 turns).

qw the Shooter (Gargoyle Hexslinger)                Turns: 1029, Time: 00:00:36

Health: -1/26      AC:  5    Str: 11    XL:     4   Next: 26%
Magic:  5/5        EV: 12    Int: 14    God:
Gold:   51         SH:  0    Dex: 14    Spells: 4/5 levels left

rFire   . . .        Y - +1 sling
rCold   . . .        (no shield)
rNeg    + . .        c - +0 robe
rPois   inf          (no helmet)
rElec   +            (no cloak)
rCorr   .            (no gloves)
SInv    .            (no boots)
Will    .....        (no amulet)
Stlth   +            (no ring)
HPRegen 0.24/turn    (no ring)
MPRegen 0.09/turn

%: no passive effects
@: no status effects
A: sickness immunity, AC +3, negative energy resistance 1, electricity
resistance, torment resistance 1, petrification resistance
a: no special abilities


You were on level 2 of the Dungeon.
You visited 1 branch of the dungeon, and saw 2 of its levels.

You collected 51 gold pieces.


Innate Abilities, Weirdness & Mutations

You are immune to sickness and miasma.
Your stone body is resilient. (AC +3)
You are immune to poison.
You resist negative energy. (rN+)
You are resistant to electric shocks. (rElec)
You are resistant to unholy torment.
You are immune to petrification.


   Skills:
 - Level 2.0 Fighting
 + Level 4.1 Ranged Weapons
 - Level 1.5 Dodging
 - Level 1.0 Spellcasting
 - Level 2.6 Hexes


You had 4 spell levels left.
You knew the following spells:

 Your Spells              Type           Power      Damage    Failure   Level
a - Slow                  Hex            32%        N/A       9%          1

Your spell library contained the following spells:

 Spells                   Type           Power      Damage    Failure   Level
 Inner Flame              Hex/Fire       4%         N/A       41%         3
 Portal Projectile        Hex/Tloc       8%         N/A       41%         3
 Cause Fear               Hex            4%         N/A       65%         4

Inventory:

Hand Weapons
 Y - a +1 sling (weapon)
Armour
 c - a +0 robe (worn)
Scrolls
 a - a scroll of identify {unknown}
 e - a scroll of enchant armour {unknown}
Potions
 b - a potion of brilliance {unknown}
 d - a potion of magic {unknown}
 f - 2 potions of curing
 g - a potion of attraction {unknown}

Dungeon Overview and Level Annotations

Branches:
Dungeon (2/15)

Altars:
Yredelemnul

Annotations:
D:2 Terence


Message History

The sling bullet hits Terence but does no damage.
An endoplasm comes into view.
Enter note:
Enter note:
Enter note:
Enter note:
Enter note:
Enter note:
Enter note:
Enter note:
Enter note: You shoot a sling bullet.
The sling bullet barely misses Terence.
The sling bullet closely misses the adder.
The endoplasm quivers.
The sling bullet hits the endoplasm!
You kill the endoplasm!
Terence hits you with a +0 hand axe.
You shoot a sling bullet.
The sling bullet closely misses Terence.
The sling bullet hits the adder.
The adder is moderately wounded.
Terence hits you with a +0 hand axe.
You shoot a sling bullet.
The sling bullet closely misses the adder.
The adder bites you but does no damage. Terence hits you with a +0 hand axe.
You shoot a sling bullet.
The sling bullet barely misses the adder.
The adder barely misses you. Terence hits you with a +0 hand axe.
The adder bites you but does no damage.
You shoot a sling bullet.
The sling bullet barely misses the adder.
Terence hits you with a +0 hand axe! The adder bites you.
Terence closely misses you.
You shoot a sling bullet. The sling bullet misses the adder.
The adder closely misses you. Terence hits you but does no damage.
The adder closely misses you.
You shoot a sling bullet. The sling bullet hits the adder.
The adder is severely wounded.
The adder completely misses you. Terence hits you with a +0 hand axe.
You die...

##.......##.#.#
#.....#####.#.# #~~~
#.....# #.#.#.# ~~~~
#...<.# #.....# ¤¤¤~~
####.....###.....# ¤¤¤~~
.........#.......#~¤~¤~~
####.............#¤¤~~~~
#####...#.....S¤¤....
#........@@¤¤....
#.###.....#¤~¤~~¤ #.#
#.#.#.# ¤¤~¤~ #
#.###.#>#.# ~~~~ #
###...###.# ~~~ ##
#.#####.# ¤¤ .##
#.......# ¤ ..##
##.###..# ...##
##.###.<###


You could see Terence and an adder.

Vanquished Creatures
  2 adders (D:2)
  A worm (D:2)
  A dart slug (D:1)
  3 ball pythons
  2 bats (D:1)
  7 endoplasms
  A giant cockroach (D:1)
  4 goblins
  5 hobgoblins
  4 jackals (D:1)
  2 quokkas
  4 frilled lizards
  5 kobolds
  5 rats
46 creatures vanquished.

Notes
Turn   | Place    | Note
-------+----------+-------------------------------------------
     0 | D:1      | qw the Gargoyle Hexslinger began the quest for the Orb.
     0 | D:1      | Reached XP level 1. HP: 12/12 MP: 2/2
     0 | D:1      | 0 ||| qw: Version: 0.3-a-46-gb1f654a
     0 | D:1      | 0 ||| qw: Game counter: 3176
     0 | D:1      | 0 ||| qw: Melee chars always use a shield: true
     0 | D:1      | 0 ||| qw: God list: Okawaru
     0 | D:1      | 0 ||| qw: Allow faded altars: false
     0 | D:1      | 0 ||| qw: Do Orc after clearing Dungeon:15 true
     0 | D:1      | 0 ||| qw: Do second Lair branch before Depths: true
     0 | D:1      | 0 ||| qw: Lair rune preference: random
     0 | D:1      | 0 ||| qw: Goals: Normal
     0 | D:1      | 0 ||| PLANNING D:1-11
    33 | D:1      | HP: 2/12 [jackal (2)]
    38 | D:1      | Reached XP level 2. HP: 2/16 MP: 3/3
    40 | D:1      | HP: 1/16 [jackal (2)]
   141 | D:1      | Reached skill level 3 in Ranged Weapons
   292 | D:1      | Reached XP level 3. HP: 21/21 MP: 4/4
   497 | D:1      | 497 ||| READING scroll labelled SEIDUSSE GEUK.
   498 | D:1      | 498 ||| DRINKING 2 blue potions.
   499 | D:1      | 499 ||| DROPPING scroll of poison.
   804 | D:2      | Found a basalt altar of Yredelemnul.
   827 | D:2      | Reached XP level 4. HP: 26/26 MP: 5/5
   861 | D:2      | Reached skill level 4 in Ranged Weapons
  1018 | D:2      | Noticed Terence
  1027 | D:2      | HP: 5/26 [Terence/+0 hand axe (8)]
  1027 | D:2      | HP: 1/26 [adder (4)]
  1029 | D:2      | Slain by Terence

Levels and vault maps discovered:
D:1:      dpeg_arrival_rhombus, layout_rooms
D:2:      kennysheep_big_flooded_room, layout_basic, serial_curves,
          eino_curves_01, eino_curves_03, basic_altar, kennysheep_nondescript,
          uniq_terence

Skill      XL: |  1  2  3  4 |
---------------+-------------+-----
Ranged Weapons | 3 4 |  4.1
Fighting       | 2 |  2.0
Dodging        | |  1.5
Spellcasting   | |  1.0
Hexes          | |  2.6

Action                     |  1- 3 |  4- 6 || total
---------------------------+-------+-------++-------
   Fire: Sling             |   136 |    41 ||   177
    Use: Scroll            |     1 |       ||     1
         Potion            |     1 |       ||     1
 Armour: Robe              |    26 |     5 ||    31
  Dodge: Dodged            |    65 |    11 ||    76

Table legend:
 A = Non-vault XP
 B = Vault XP
 C = Vault XP percentage of total XP
 D = Non-vault monster count
 E = Vault monster count
 F = Vault count percentage of total count
                 A         B        C        D         E       F
            +---------+---------+-------+---------+---------+-------
      Total |     102 |       2 |   1.9 |      45 |       1 |   2.2
            +---------+---------+-------+---------+---------+-------
        D:1 |      49 |       0 |   0.0 |      27 |       0 |   0.0
        D:2 |      53 |       2 |   3.6 |      18 |       1 |   5.3
            +---------+---------+-------+---------+---------+-------
